 Dungeon Crawl Stone Soup version 0.19.1 (webtiles) character file.

15568 Ice the Severer (level 12, -9/94 HPs)
             Began as a Minotaur Berserker on Dec 1, 2016.
             Was a High Priest of Trog.
             Mangled by an orc warrior
             ... wielding a +0 hand axe
              (14 damage)
             ... on level 2 of the Orcish Mines on Dec 2, 2016.
             The game lasted 01:14:35 (11367 turns).

Ice the Severer (Minotaur Berserker)               Turns: 11367, Time: 01:14:36

Health: -9/94      AC: 18    Str: 25    XL:     12   Next: 2%
Magic:  11/11      EV: 10    Int:  4    God:    Trog [*****.]
Gold:   1296       SH:  0    Dex: 15    Spells: 0 memorised, 11 levels left

rFire  . . .     SeeInvis .     D - +0 war axe (flame)
rCold  + . .     Gourm    .     p - +0 plate armour
rNeg   . . .     Faith    .     (no shield)
rPois  +         Spirit   .     (helmet restricted)
rElec  .         Reflect  .     h - +0 cloak
rCorr  .         Harm     .     G - +1 pair of gloves
MR     ++...                    V - +2 pair of boots "Enoicw" {rPois}
Stlth  ..........               E - amulet of regeneration
                                r - ring of protection from cold
                                J - +3 ring of strength

@: regenerating, invisible
A: retaliatory headbutt, horns 2
a: Berserk, Trog's Hand, Brothers in Arms, Burn Spellbooks, Renounce Religion


You were on level 2 of the Orcish Mines.
You worshipped Trog.
Trog was extremely pleased with you.
You were hungry.

You visited 2 branches of the dungeon, and saw 13 of its levels.
You also visited: Bailey.

You collected 1842 gold pieces.
You spent 546 gold pieces at shops.

Inventory:

Hand Weapons
 a - a +2 hand axe of freezing
 k - a +0 shortbow of flaming
 C - a +0 hunting sling
 D - a +0 war axe of flaming (weapon)
 P - a +0 arbalest
Missiles
 b - 217 bolts
 i - 306 stones
 s - 12 tomahawks
 t - 318 arrows
 U - 24 sling bullets
 X - 27 tomahawks of returning (quivered)
 Z - 3 silver javelins
Armour
 h - a +0 cloak (worn)
 p - a +0 plate armour (worn)
 G - a +1 pair of gloves (worn)
 V - the +2 pair of boots "Enoicw" (worn) {rPois}
   (You found it in a bailey)

   It protects you from poison.
Jewellery
 r - a ring of protection from cold (right hand)
 A - an uncursed ring of wizardry {unknown}
 E - an amulet of regeneration (around neck)
 J - a +3 ring of strength (left hand)
 R - a +1 ring of evasion {unknown}
Wands
 e - a wand of slowing (21/48)
 f - a wand of disintegration (8/24)
 n - a wand of iceblast (9/15)
 B - a wand of flame (25/48)
 H - a wand of iceblast (7/15)
 O - a wand of disintegration (12/24)
 T - a wand of digging (15/24)
Scrolls
 l - 4 scrolls of enchant armour {unknown}
 v - 3 scrolls of amnesia {unknown}
 y - 3 scrolls of random uselessness {unknown}
 K - 6 scrolls of remove curse
 L - a scroll of summoning
 M - 4 scrolls of magic mapping
 Q - 2 scrolls of fear {unknown}
 S - 2 scrolls of fog
 W - a scroll of recharging
 Y - a scroll of enchant weapon {unknown}
Potions
 d - 2 potions of lignification {unknown}
 g - a potion of agility {unknown}
 j - 2 potions of curing
 o - 2 potions of degeneration {unknown}
 u - 2 potions of heal wounds {unknown}
 w - a potion of haste {unknown}
 z - 3 potions of berserk rage
 F - a potion of might {unknown}
 I - 3 potions of mutation {unknown}
 N - a potion of ambrosia {unknown}
Comestibles
 c - 9 bread rations
 m - 13 royal jellies
 q - 6 meat rations


   Skills:
 - Level 5.3 Fighting
   Level 2.6 Long Blades
 - Level 15.0(15.2) Axes
   Level 3.6(10.7) Maces & Flails
 - Level 10.2 Crossbows
 - Level 5.1 Throwing
 - Level 5.0 Armour
 - Level 6.1 Dodging
 + Level 5.5 Stealth


You had 11 spell levels left.
You didn't know any spells.

Dungeon Overview and Level Annotations

Branches:
Dungeon (11/15)            Temple (0/1) D:7             Orc (2/2) D:11
   Lair: D:8-11         Elf: Orc:2

Altars:
Ashenzari
Cheibriados
Fedhas
Gozag
Makhleb
Nemelex Xobeh
Qazlal
Uskayaw
Vehumet
Yredelemnul
The Shining One

Shops:
D:5 }   D:10 ?   D:11 ([   Orc:2 (([=

Annotations:
D:11 4 runed doors


Innate Abilities, Weirdness & Mutations

You reflexively headbutt those who attack you in melee.
You have a pair of horns on your head.


Message History

You see here an arrow.
The orc warrior unwields an uncursed great mace.
The orc warrior wields an arbalest.
The orc warrior shoots a bolt.
The bolt hits you!
* * * LOW HITPOINT WARNING * * *
You see here a bolt.
Your skin crawls.
You feel resistant to hostile enchantments.
You feel somewhat more hungry.
The centaur shoots an arrow.
The arrow closely misses you.
The orc warrior shoots a bolt.
The bolt hits you but does no damage.
The orc warrior hits you with a hand axe!
* * * LOW HITPOINT WARNING * * *
You fade into invisibility!
The centaur shoots an arrow.
The arrow closely misses you.
The orc priest mumbles some strange prayers to Beogh against you.
The centaur writhes in agony!
The centaur dies!
The orc warrior hits you with a hand axe!
You die...

###...<......##..
#........<..###
##.##.......##
#...##.....##
##.#####....#
#####.## ##...#
##.#(...#.###.....#
#..........###.#.#.#
##..@#..........#...#
##..o....#......#
...#
#(...)#.#........
.... ##(#.o..........
.... #).(#.#........
##(o.##.#....
##..c...(..#
#).o....(.. ..(#.....


You could see 2 orc warriors and an orc priest.

Vanquished Creatures
  An orc high priest (Orc:2)
  An unseen horror (D:10)
  A hill giant (D:11)
  2 orc knights
  2 ugly things
  2 cyclopes
  A gargoyle (D:10)
  2 trolls
  A queen bee (D:9)
  Grinder (D:4)
  5 two-headed ogres
  A hippogriff (D:9)
  A spriggan (D:8)
  5 wraiths (D:9)
  A wyvern (D:10)
  A hungry ghost (D:10)
  3 wargs
  3 water moccasins
  20 orc warriors
  3 ice beasts
  3 ogres
  A necrophage (D:8)
  2 sky beasts
  10 centaurs
  A crocodile (D:11)
  A big kobold (D:10)
  2 bullfrogs
  A wyvern skeleton (D:6)
  2 scorpions
  40 killer bees
  3 wights (D:5)
  2 howler monkeys
  5 crimson imps
  A centaur zombie (D:9)
  A bullfrog zombie (D:6)
  A centaur skeleton (D:5)
  3 hounds
  A quasit (D:10)
  2 orc priests
  3 iguanas
  2 jellies (D:9)
  11 orc wizards
  4 bullfrog skeletons
  Ijyb (D:2)
  12 worker ants
  A hound zombie (D:5)
  2 hound skeletons
  A howler monkey zombie (D:10)
  2 worker ant zombies
  A howler monkey skeleton (D:5)
  10 adders
  A shadow imp (D:8)
  3 adder skeletons
  A dart slug (D:3)
  2 leopard geckos
  20 orcs
  5 bats
  8 giant cockroaches
  12 goblins
  12 hobgoblins
  3 jackals (D:2)
  3 quokkas
  2 ball pythons
  3 frilled lizards
  23 kobolds
  A leopard gecko skeleton (D:4)
  3 rats
291 creatures vanquished.

Vanquished Creatures (others)
  A centaur (Orc:2)
  2 orc wizards
3 creatures vanquished.

Grand Total: 294 creatures vanquished

Notes
Turn   | Place    | Note
-------+----------+-------------------------------------------
     0 | D:1      | Ice the Minotaur Berserker began the quest for the Orb.
     0 | D:1      | Reached XP level 1. HP: 19/19 MP: 0/0
   149 | D:1      | Reached XP level 2. HP: 26/26 MP: 1/1
   693 | D:2      | Noticed Ijyb
   705 | D:2      | Killed Ijyb
   705 | D:2      | Reached XP level 3. HP: 26/31 MP: 2/2
   823 | D:2      | Found a shattered altar of Ashenzari.
  1138 | D:2      | Reached ** piety under Trog
  1268 | D:2      | Found a blossoming altar of Fedhas.
  1456 | D:3      | Found a snail-covered altar of Cheibriados.
  1490 | D:3      | Reached XP level 4. HP: 37/39 MP: 3/3
  1776 | D:3      | Reached skill level 5 in Dodging
  2394 | D:4      | Found a burning altar of Makhleb.
  2404 | D:4      | Found an opulent altar of Gozag.
  2405 | D:4      | Found a stormy altar of Qazlal.
  2405 | D:4      | Found a glowing golden altar of the Shining One.
  2405 | D:4      | Found a basalt altar of Yredelemnul.
  2590 | D:4      | Reached XP level 5. HP: 47/47 MP: 4/4
  2712 | D:4      | Reached skill level 5 in Fighting
  2799 | D:4      | Reached skill level 1 in Throwing
  2851 | D:4      | Reached XP level 6. HP: 52/56 MP: 5/5
  2947 | D:4      | Noticed Grinder
  2959 | D:4      | Paralysed by Grinder for 6 turns
  2969 | D:4      | Killed Grinder
  3085 | D:4      | Reached XP level 7. HP: 45/61 MP: 6/6
  3481 | D:5      | Entered Level 5 of the Dungeon
  3516 | D:5      | Found a shattered altar of Ashenzari.
  3531 | D:5      | Reached skill level 5 in Throwing
  3624 | D:5      | Found Bixzuobu's Gadget Shoppe.
  3632 | D:5      | Bought a wand of flame (25/48) for 175 gold pieces
  3704 | D:5      | Reached *** piety under Trog
  4029 | D:5      | Reached skill level 5 in Armour
  4030 | D:5      | Reached skill level 1 in Long Blades
  4669 | D:6      | Reached skill level 1 in Axes
  4702 | D:6      | Reached skill level 2 in Axes
  4702 | D:6      | Reached XP level 8. HP: 59/68 MP: 7/7
  4883 | D:6      | Reached skill level 3 in Axes
  4918 | D:6      | Reached skill level 4 in Axes
  5013 | D:6      | Reached skill level 5 in Axes
  5073 | D:6      | Reached skill level 6 in Axes
  5174 | D:6      | Reached skill level 7 in Axes
  5775 | D:7      | Found a radiant altar of Vehumet.
  6137 | D:7      | Found a sparkling altar of Nemelex Xobeh.
  6138 | D:7      | Found a hide-covered altar of Uskayaw.
  6233 | D:7      | Reached skill level 8 in Axes
  6331 | D:7      | Found a staircase to the Ecumenical Temple.
  6960 | D:8      | Reached skill level 9 in Axes
  6960 | D:8      | Reached XP level 9. HP: 67/74 MP: 8/8
  7099 | D:8      | Reached skill level 10 in Axes
  7252 | D:8      | Reached skill level 11 in Axes
  7365 | D:8      | You fall through a shaft for 2 floors!
  7365 | D:10     | Entered Level 10 of the Dungeon
  7368 | D:10     | Found Rayzil's Magic Scroll Shoppe.
  7371 | D:10     | Bought a scroll of fog for 28 gold pieces
  7371 | D:10     | Bought a scroll of summoning for 133 gold pieces
  7371 | D:10     | Bought a scroll of recharging for 133 gold pieces
  7371 | D:10     | Bought a scroll of magic mapping for 49 gold pieces
  7371 | D:10     | Bought a scroll of identify for 28 gold pieces
  7541 | D:9      | Reached **** piety under Trog
  7541 | D:9      | Reached skill level 12 in Axes
  7637 | D:9      | Received a gift from Trog
  7904 | D:9      | Reached XP level 10. HP: 81/81 MP: 9/9
  7971 | D:9      | Reached skill level 13 in Axes
  8026 | D:9      | HP: 4/81 [poisoned by a killer bee]
  8031 | D:9      | HP: 4/81 [poisoned by a killer bee]
  8312 | D:9      | Noticed a cyclops
  8313 | D:9      | Noticed a purple ugly thing
  8331 | D:9      | Killed a purple ugly thing
  8446 | D:9      | Killed a cyclops
  8446 | D:9      | Received a gift from Trog
  8616 | D:9      | Reached skill level 5 in Crossbows
  8880 | D:10     | Noticed a gargoyle
  8911 | D:10     | Killed a gargoyle
  8915 | D:10     | Reached ***** piety under Trog
  8917 | D:10     | Reached XP level 11. HP: 39/88 MP: 10/10
  9592 | D:10     | Killed an unseen horror
  9676 | D:11     | Noticed a red ugly thing
  9687 | D:11     | Killed a red ugly thing
  9759 | D:11     | Noticed a hill giant
  9767 | D:11     | Killed a hill giant
  9767 | D:11     | Reached skill level 10 in Crossbows
  9865 | D:11     | Found a large runed door.
  9865 | D:11     | Found a large runed door.
  9875 | D:11     | Reached skill level 14 in Axes
  9897 | D:11     | Found a large runed door.
  9897 | D:11     | Found a large runed door.
  9923 | D:11     | Found Extofag's Armour Shop.
  9923 | D:11     | Found a staircase to the Orcish Mines.
  9933 | D:11     | Found Qazej's Weapon Shop.
 10053 | Orc:1    | Entered Level 1 of the Orcish Mines
 10078 | Orc:1    | Received a gift from Trog
 10218 | Orc:1    | Found a flagged portal.
 10244 | Bailey   | Entered a bailey
 10285 | Bailey   | Noticed an orc knight
 10296 | Bailey   | Killed an orc knight
 10329 | Bailey   | Found a bloodstained altar of Trog.
 10347 | Bailey   | Got a pair of encrusted boots
 10353 | Bailey   | Identified the +2 pair of boots "Enoicw" {rPois} (You found it in a bailey)
 10429 | Orc:1    | Noticed an ettin
 10513 | Orc:2    | Entered Level 2 of the Orcish Mines
 10517 | Orc:2    | Reached skill level 15 in Axes
 10683 | Orc:2    | Reached skill level 1 in Stealth
 10784 | Orc:2    | Noticed an orc knight
 10806 | Orc:2    | Killed an orc knight
 10925 | Orc:2    | Received a gift from Trog
 10955 | Orc:2    | Found Uschuureohacw's Weapon Emporium.
 10955 | Orc:2    | Found Annoemup's Antique Armour Shop.
 10959 | Orc:2    | Found Elloro's Jewellery Boutique.
 10962 | Orc:2    | Found Niehimm's Weapon Shoppe.
 10984 | Orc:2    | Noticed an orc high priest
 11145 | Orc:2    | Noticed a sixfirhy
 11150 | Orc:2    | Killed an orc high priest
 11150 | Orc:2    | Reached skill level 5 in Stealth
 11342 | Orc:2    | Reached XP level 12. HP: 73/94 MP: 11/11
 11348 | Orc:2    | Received a gift from Trog
 11366 | Orc:2    | HP: 4/94 [orc warrior/hand axe (14)]
 11367 | Orc:2    | Mangled by an orc warrior

Skill      XL: |  1  2  3  4  5  6  7  8  9 10 11 |
---------------+----------------------------------+-----
Dodging        | 3 4 5 6 |  6.1
Fighting       | 4 5 |  5.3
Throwing       | 2 4 5 |  5.1
Armour         | 5 |  5.0
Long Blades    | 2 |  2.6
Axes           | 2 9 12 13 15 | 15.0
Crossbows      | 7 10 | 10.2
Stealth        | 5 |  5.5
Maces & Flails | |  3.6

Action                   |  1- 3 |  4- 6 |  7- 9 | 10-12 || total
-------------------------+-------+-------+-------+-------++-------
Melee: Mace              |    69 |    73 |    51 |       ||   193
       Headbutt          |    13 |    15 |    61 |    86 ||   175
       Hand axe          |       |       |   174 |   119 ||   293
       Scimitar          |       |       |    12 |       ||    12
       Battleaxe         |       |       |    11 |       ||    11
       War axe           |       |       |    61 |   262 ||   323
 Fire: Hunting sling     |       |       |    55 |       ||    55
       Hand crossbow     |       |       |    23 |    95 ||   118
       Arbalest          |       |       |       |    48 ||    48
Throw: Stone             |    63 |   104 |   137 |     2 ||   306
       Javelin           |       |       |       |    23 ||    23
       Tomahawk          |       |       |       |     3 ||     3
Invok: Berserk           |       |       |     1 |     2 ||     3
       Trog's Hand       |       |       |       |     2 ||     2
  Use: Scroll            |     7 |     2 |    10 |     2 ||    21
       Potion            |       |       |       |     7 ||     7
 Stab: Invisible         |       |       |       |     3 ||     3
  Eat: Chunk             |     2 |     5 |    15 |     3 ||    25
       Pizza             |       |       |     1 |       ||     1
       Beef jerky        |       |       |       |     2 ||     2
       Fruit             |       |       |       |     5 ||     5
       Meat ration       |       |       |       |     1 ||     1
Armor: Animal skin       |     1 |       |       |       ||     1
       Ring mail         |    15 |       |       |       ||    15
       Leather armour    |     1 |       |       |       ||     1
       Plate armour      |     7 |    41 |   198 |   212 ||   458
Dodge: Dodged            |    41 |    32 |   111 |   187 ||   371
Block: Buckler           |       |     1 |    11 |       ||    12
